 Dungeon Crawl Stone Soup version 0.29.1-12-g30fa7ad0bf (webtiles) character file.

Game seed: 18402468934740599944

2199 kingsuperguy the Basher (level 9, -6/79 HPs)
             Began as a Minotaur Berserker on Dec 17, 2022.
             Was an Elder of Trog.
             Mangled by a two-headed ogre
             ... wielding a +0 giant club
              (31 damage)
             ... on level 6 of the Dungeon.
             The game lasted 00:07:32 (5936 turns).

kingsuperguy the Basher (Minotaur Berserker)        Turns: 5936, Time: 00:07:32

Health: -6/79      AC: 11    Str: 32    XL:     9   Next: 12%
Magic:  8/8        EV: 12    Int:  4    God:    Trog [****..]
Gold:   279        SH:  0    Dex: 10    Spells: 8/8 levels left

rFire   . . .      SeeInvis .   A - +2 flail (vorpal)
rCold   . . .      Faith    .   (no shield)
rNeg    . . .      Spirit   .   w - +0 scale mail
rPois   .          Reflect  .   (helmet restricted)
rElec   .          Harm     .   (no cloak)
rCorr   .          Rampage  .   (no gloves)
Will    .....                   (no boots)
Stlth   +.........              (no amulet)
HPRegen 0.23/turn               h - +4 ring of protection
MPRegen 0.11/turn               u - +6 ring of strength

@: on berserk cooldown, slowed, very slow
A: horns 2, retaliatory headbutt
a: Renounce Religion, Berserk, Trog's Hand, Brothers in Arms


You were on level 6 of the Dungeon.
You worshipped Trog.
Trog was greatly pleased with you.
You visited 1 branch of the dungeon, and saw 7 of its levels.

You collected 279 gold pieces.

Inventory:

Hand Weapons
 a - a +0 mace
 o - a +1 spectral club
 A - a +2 vorpal flail (weapon)
 C - the +5 spear of Calculation {vorpal, Dex+6}
   (You found it on level 5 of the Dungeon)

   It inflicts extra damage upon your enemies.
   Dex:       It affects your dexterity (+6).
 F - a +0 morningstar
Armour
 b - a +0 animal skin
 w - a +0 scale mail (worn)
Jewellery
 h - a +4 ring of protection (left hand)
 u - a +6 ring of strength (right hand)
 D - a +4 ring of evasion
 E - a ring of protection from cold
 G - a ring of protection from fire
Wands
 v - a wand of roots (6)
 y - a wand of flame (20)
Scrolls
 c - 13 scrolls of identify {unknown}
 d - 4 scrolls of blinking {unknown}
 g - a scroll of poison {unknown}
 j - 3 scrolls of teleportation {unknown}
 k - 2 scrolls of immolation {unknown}
 l - 3 scrolls of magic mapping {unknown}
 p - a scroll of enchant armour {unknown}
 q - a scroll of amnesia {unknown}
 r - a scroll of silence {unknown}
Potions
 e - 4 potions of ambrosia {unknown}
 f - 4 potions of curing {unknown}
 i - 3 potions of brilliance {unknown}
 m - 2 potions of resistance {unknown}
 n - a potion of flight {unknown}
 s - a potion of attraction {unknown}
 t - a potion of berserk rage {unknown}
 x - 2 potions of heal wounds {unknown}
 z - a potion of mutation {unknown}
 B - a potion of degeneration {unknown}


   Skills:
 + Level 7.0 Fighting
 + Level 9.5 Maces & Flails
 + Level 6.1 Armour
 + Level 6.8 Dodging
 + Level 2.6 Stealth


You had 8 spell levels left.
You didn't know any spells.
Your spell library was empty.

Dungeon Overview and Level Annotations

Branches:
Dungeon (7/15)             Temple (0/1) D:6

Altars:
Ashenzari
Uskayaw
Vehumet


Innate Abilities, Weirdness & Mutations

You have a pair of horns on your head.
You reflexively headbutt those who attack you in melee.


Message History

The orc priest invokes the aid of Beogh against you.
Beogh smites you!
You hear two shouts!
You hear a shout!
You barely miss the wight.
The wight is almost destroyed.
The orc shouts!
You hit the wight.
You destroy the wight!
Trog accepts your kill. The orc barely misses you.
Things that are here:
a +3 dire flail; a +0 robe You thump the orc!
You kill the orc!
Trog accepts your kill.
You barely miss the orc priest.
The orc priest calls down the wrath of Beogh upon you.
Pain shoots through your body!
* * * LOW HITPOINT WARNING * * *
You sock the orc priest! Your headbutt misses the orc priest.
The orc priest is severely wounded.
You barely miss the orc priest. You headbutt the orc priest.
You kill the orc priest!
Trog accepts your kill.
Your Armour skill increases to level 6!
An orc comes into view. It is wielding a +0 club.
The orc shouts!
A two-headed ogre comes into view.
It is wielding a +0 giant club and a +0 giant spiked club.
You feel a strong urge to attack something.
You are no longer berserk.
You are exhausted.
You feel yourself slow down.
You hit the orc but do no damage. You headbutt the orc!
You kill the orc!
Trog accepts your kill.
You hit the two-headed ogre. You headbutt the two-headed ogre.
The two-headed ogre is moderately wounded.
The two-headed ogre misses you.
The two-headed ogre hits you with a +0 giant spiked club!!
You die...

##..### .#.....
#....###..........
##.#.#...#...>...#
#................
####......#.......#
##
#.......†..........
.#
#.##>.....#.#.#.#.#
.# ###.
#..)..)).....W..
.##...
###.))).@#.o.#
.#..# #...)..O...#
...# #.....###.## P
P .# ##....###.#


P.P .## #.>......# P.P .........F............ ... .#########............ .#
#...$........ .# .............. You could see a two-headed ogre and a phantom.

Vanquished Creatures
  Prince Ribbit (D:7)
  Eustachio (D:5)
  Edmund (D:5)
  2 water moccasins
  Duvessa (D:5)
  A black bear (D:5)
  A sky beast (D:6)
  An ice beast (D:7)
  An ogre (D:5)
  2 necrophages
  2 scorpions
  5 wights (D:6)
  Dowan (D:5)
  2 orc priests
  5 hounds
  2 jellies (D:5)
  2 orc wizards
  Robin (D:3)
  9 adders
  3 worms
  6 dart slugs
  25 orcs
  3 ball pythons
  12 endoplasms
  4 giant cockroaches
  14 goblins
  11 hobgoblins
  3 jackals (D:2)
  6 kobolds
  6 bats
  7 frilled lizards
  5 rats (D:2)
146 creatures vanquished.

Vanquished Creatures (others)
  A bush (D:6)
1 creature vanquished.

Grand Total: 147 creatures vanquished

Notes
Turn   | Place    | Note
-------+----------+-------------------------------------------
     0 | D:1      | kingsuperguy the Minotaur Berserker began the quest for the
                  | Orb.
     0 | D:1      | Reached XP level 1. HP: 19/19 MP: 0/0
   244 | D:1      | Reached XP level 2. HP: 26/27 MP: 1/1
   288 | D:1      | Reached skill level 4 in Maces & Flails
  1042 | D:2      | Reached XP level 3. HP: 26/33 MP: 2/2
  1047 | D:2      | Reached ** piety under Trog
  1173 | D:2      | Reached skill level 5 in Maces & Flails
  1511 | D:2      | Reached XP level 4. HP: 14/40 MP: 3/3
  2454 | D:3      | Noticed Robin
  2480 | D:3      | Killed Robin
  2770 | D:3      | Reached XP level 5. HP: 47/47 MP: 4/4
  2848 | D:3      | You fall into a shaft and drop 3 floors!
  2850 | D:6      | Noticed a phantom
  2861 | D:7      | Noticed an ice beast
  2875 | D:7      | Noticed Prince Ribbit
  2882 | D:7      | Killed Prince Ribbit
  2883 | D:7      | Reached skill level 5 in Fighting
  2883 | D:7      | Reached skill level 6 in Maces & Flails
  2883 | D:7      | Reached skill level 1 in Stealth
  2883 | D:7      | Reached XP level 6. HP: 56/56 MP: 5/5
  2885 | D:7      | Killed an ice beast
  2906 | D:6      | Noticed a sky beast
  3061 | D:6      | Killed a sky beast
  3241 | D:5      | Entered Level 5 of the Dungeon
  3292 | D:5      | Reached skill level 5 in Dodging
  3292 | D:5      | Reached XP level 7. HP: 52/60 MP: 6/6
  3328 | D:5      | Reached *** piety under Trog
  3625 | D:5      | Reached skill level 7 in Maces & Flails
  3831 | D:5      | Noticed Eustachio
  3832 | D:5      | Noticed Edmund
  3839 | D:5      | Killed Eustachio
  3843 | D:5      | Killed Edmund
  3918 | D:5      | Noticed Dowan
  3919 | D:5      | Noticed Duvessa
  3927 | D:5      | Killed Dowan
  3928 | D:5      | Reached XP level 8. HP: 60/70 MP: 7/7
  3932 | D:5      | Killed Duvessa
  3935 | D:5      | Reached skill level 8 in Maces & Flails
  4369 | D:5      | Identified the +5 spear of Calculation {vorpal, Dex+6}
  4452 | D:5      | Found a broken altar of Ashenzari.
  5086 | D:3      | Reached skill level 5 in Armour
  5372 | D:4      | Found a radiant altar of Vehumet.
  5373 | D:4      | Found a hide-covered altar of Uskayaw.
  5788 | D:6      | Reached **** piety under Trog
  5790 | D:6      | Reached skill level 9 in Maces & Flails
  5913 | D:6      | Found a staircase to the Ecumenical Temple.
  5924 | D:6      | Reached XP level 9. HP: 60/76 MP: 8/8
  5933 | D:6      | Noticed a two-headed ogre
  5936 | D:6      | Mangled by a two-headed ogre

Illustrated notes

Levels and vault maps discovered:
D:1:      dpeg_arrival_castle, layout_loops_ring, hex_medium,
          minmay_tromino_v4_b
D:2:      layout_rooms, minmay_misc_feat_secret_circle, nrook_loot_triangle,
          minmay_misc_feat_tower
D:3:      layout_basic, uniq_robin
D:4:      layout_loops_ring, chequers_temple_overflow_statue_of_worship
D:5:      layout_gridville, ashenzari_conservatory_becter,
          nicolae_elevator_lobby_plus, uniq_duvessa, uniq_eustachio, uniq_edmund
D:6:      layout_rooms, minmay_temple_entry_glass, serial_shops, shop,
          dk_noncrumbling_3, minmay_hedge_maze, nicolae_shop_self_help
D:7:      layout_loops_cross, gammafunk_temple_overflow_statue,
          nicolae_shop_overcharged_wands, uniq_joseph, uniq_prince_ribbit1,
          uniq_pikel

Skill      XL: |  1  2  3  4  5  6  7  8  9 |
---------------+----------------------------+-----
Maces & Flails | 4 5 6 7 9 |  9.5
Fighting       | 4 5 6 7 |  7.0
Dodging        | 3 4 5 6 |  6.8
Stealth        | 1 2 |  2.6
Armour         | 3 5 6 |  6.1

Action                   |  1- 3 |  4- 6 |  7- 9 || total
-------------------------+-------+-------+-------++-------
Melee: Mace              |    78 |    86 |    38 ||   202
       Headbutt          |     7 |    16 |    25 ||    48
       Flail             |       |       |   116 ||   116
       Punch             |       |       |     1 ||     1
Invok: Berserk           |       |     1 |     3 ||     4
 Stab: Sleeping          |       |     2 |       ||     2
Armor: Animal skin       |    32 |    39 |       ||    71
       Scale mail        |       |       |    66 ||    66
Dodge: Dodged            |    71 |    56 |    88 ||   215
